 Dungeon Crawl Stone Soup version 0.26-a0-1205-g4083c211ab (webtiles) character file.

Game seed: 13823305370825647043

4 CurlyBrace the Sneak (level 1, 10/10 HPs)
             Began as a Felid Delver on Dec 29, 2020.
             Quit the game on level 6 of the Dungeon.
             The game lasted 00:00:26 (61 turns).

CurlyBrace the Sneak (Felid Delver)                   Turns: 61, Time: 00:00:26

Health: 10/10      AC:  1    Str:  8    XL:     1   Next: 50%
Magic:  2/2        EV: 18    Int: 11    God:
Gold:   0          SH:  0    Dex: 17    Spells: 0/0 levels left
                                        Lives:  0   Deaths: 0

rFire    . . .     SeeInvis +     - Unarmed
rCold    . . .     Faith    .   (shield unavailable)
rNeg     . . .     Spirit   .   (armour unavailable)
rPois    .         Reflect  .   (helmet unavailable)
rElec    .         Harm     .   (cloak unavailable)
rCorr    .         Rampage  .   (gloves unavailable)
Will     .....                  (boots unavailable)
Stlth    ++++......             (no amulet)
HPRegen  0.03/turn              (no ring)
MPRegen  0.08/turn              (no ring)

@: quick
A: very small, no armour, no weapons or thrown items, stealth, claws 1, fangs 3,
see invisible, speed 1, shaggy fur 1, sharp paws
a: no special abilities


You were on level 6 of the Dungeon.
You visited 1 branch of the dungeon, and saw 2 of its levels.

Inventory:

Wands
 v - a wand of digging (3)
Scrolls
 a - a scroll of fog
 b - a scroll of remove curse {unknown}
 c - a scroll of fear
Potions
 d - 2 potions of cancellation {unknown}
 e - a potion of curing {unknown}
 h - a potion of haste


   Skills:
 - Level 3.0 Fighting
 + Level 2.8 Dodging
 + Level 6.6 Stealth
 * Level 2.2 Unarmed Combat


You couldn't memorise any spells.
You didn't know any spells.
Your spell library was empty.

Dungeon Overview and Level Annotations

Branches:
Dungeon (6/15)
 Temple: D:4-7

Altars:
Gozag
Kikubaaqudgha


Innate Abilities, Weirdness & Mutations

You cannot wear armour.
You are incapable of wielding weapons or throwing items.
Your paws allow you to move quietly. (Stealth)
You have sharp claws.
You have razor-sharp teeth.
You have supernaturally acute eyesight. (SInv)
You cover ground quickly.
You are covered in fur. (AC +1)
Your sharp claws are effective at attacking unaware monsters.


Message History

Found a dagger.
Found a robe and a scroll labelled JEACKENEWY.
Found a puce potion.
The helpless leopard gecko fails to defend itself.
You mangle the leopard gecko!!
You kill the leopard gecko!
b - a scroll labelled JEACKENEWY
e - a puce potion You open the door.
An orc comes into view. It is wielding a +0 short sword.
Found 22 arrows.
Found an ancient bone altar of Kikubaaqudgha. 2 orcs come into view.
Found an opulent altar of Gozag.
There is an open door here.
You pounce on the unaware helpless orc!
You mangle the orc!!
You kill the orc!
Things that are here:
a +0 short sword; 22 arrows Are you sure you want to abandon this character and quit the game? (Confirm with "yes".)

*,,,,#................##
*,,,,#.....)...........#
********,,,,#.................#
,,,,,,,,,,,,#..[..............#
,,,,,,,,,,,,#.................#
,,,,,,,,,,,,#...####..........#
,,,,,,,,,***#..###.#....#.....#
,,,,,,,,,* #..#≈oo##...#.....#
,,,,,,,,,* #..'@..8#...#.....#
,,,,,,,,,* ####≈._##...#.....#
,,,,,,,,,* ###.#....#.....#
,,,,,,,,,* *#######,,...#
,,,,,,,,,* *,,,,,* ,,,,,,,,,*
*,,,,,* ********** *******


You could see 2 orcs.

Vanquished Creatures
  A leopard gecko (D:6)
  An orc (D:6)
2 creatures vanquished.

Notes
Turn   | Place    | Note
-------+----------+-------------------------------------------
     0 | D:5      | CurlyBrace the Felid Delver began the quest for the Orb.
     0 | D:5      | Reached XP level 1. HP: 10/10 MP: 2/2
    57 | D:6      | Found an ancient bone altar of Kikubaaqudgha.
    58 | D:6      | Found an opulent altar of Gozag.
    61 | D:6      | Quit the game

Illustrated notes

Levels and vault maps discovered:
D:5:      layout_basic, lemuel_round_altar, uniq_grinder
D:6:      layout_basic, gammafunk_temple_overflow_statue,
          corexii_leaking_fountain

Action                   || total
-------------------------++-------
Melee: Unarmed           ||     2
  Use: Scroll            ||     1
 Stab: Sleeping          ||     2

Table legend: (Time is in decaauts)
 A = Elapsed time spent in this place.
 B = Non-inter-level travel time spent in this place.
 C = Inter-level travel time spent in this place.
 D = Time resting spent in this place.
 E = Time spent auto-exploring this place.
 F = Levels seen in this place.
 G = Mean time per level.
                   A        B        C        D        E       F      G
               +--------+--------+--------+--------+--------+-----+--------+
         Total |     50 |     50 |      0 |      0 |      0 |   2 |   25.0 |
       Dungeon |     50 |     50 |      0 |      0 |      0 |   2 |   25.0 |
               +--------+--------+--------+--------+--------+-----+--------+

Top non-repeatable levels by time:
     D:6: 43 daAuts
     D:5: 6 daAuts
